 Dungeon Crawl Stone Soup version 0.31.0-32-g396128a36d (webtiles) character file.

Game seed: 16911513039051730725

32 Termiter the Grave Robber (level 3, -3/24 HPs)
             Began as a Demonspawn Necromancer on Mar 17, 2024.
             Slain by Sigmund
             ... wielding a +0 scythe
              (9 damage)
             ... on level 2 of the Dungeon.
             The game lasted 00:02:30 (1677 turns).

Termiter the Grave Robber (Demonspawn Necromancer)  Turns: 1677, Time: 00:02:31

Health: -3/24      AC:  4    Str:  8    XL:     3   Next: 8%
Magic:  4/6        EV: 12    Int: 17    God:
Gold:   63         SH:  0    Dex: 13    Spells: 2/6 levels left

rFire   . . .        j - +0 dagger
rCold   . . .        (no shield)
rNeg    . . .        a - +0 robe
rPois   .            (helmet restricted)
rElec   .            (no cloak)
rCorr   .            (no gloves)
SInv    .            (no boots)
Will    .....        (no amulet)
Stlth   ++           (no ring)
HPRegen 0.24/turn    (no ring)
MPRegen 0.10/turn

%: no passive effects
@: no status effects
A: hooves 1, antennae 1, iridescent scales 1
a: no special abilities


You were on level 2 of the Dungeon.
You visited 1 branch of the dungeon, and saw 2 of its levels.

You collected 63 gold pieces.

Inventory:

Hand Weapons
 j - a +0 dagger (weapon)
Armour
 a - a +0 robe (worn)
Jewellery
 f - a ring of ice
Scrolls
 c - a scroll of poison {unknown}
 d - 7 scrolls of identify {unknown}
 i - a scroll of fog {unknown}
Potions
 b - a potion of magic
 h - a potion of mutation


   Skills:
 + Level 0.1 Fighting
 + Level 1.9 Dodging
 + Level 1.7 Stealth
 * Level 2.4 Spellcasting
 * Level 5.1 Necromancy


You had 2 spell levels left.
You knew the following spells:

 Your Spells              Type           Power      Damage    Failure   Level
a - Necrotise             Necr           76%        1d7       2%          1
b - Vampiric Draining     Necr           19%        2d7       7%          3

Your spell library contained the following spells:

 Spells                   Type           Power      Damage    Failure   Level
 Animate Dead             Necr           19%        N/A       22%         4
 Curse of Agony           Necr           19%        N/A       52%         5


Dungeon Overview and Level Annotations

Branches:
Dungeon (2/15)

Altars:

Annotations:
D:2 Sigmund, Terence


Innate Abilities, Weirdness & Mutations

You have large cloven feet.
You have a pair of small antennae on your head.
You are partially covered in iridescent scales. (AC +2)


Message History

Casting: Vampiric Draining (quite dangerous; 7% risk of failure)
Confirm with . or Enter, or press ? or * to list all spells.
Aiming: Necrotise (safe; 2% risk of failure)
Press: ? - help, Shift-Dir - straight line, f/p - Sigmund
Aim: Sigmund, wielding a +0 scythe and wearing a +0 robe (moderately wounded, chance to affect: 84%) Sigmund writhes in agony.
Sigmund completely misses you.
Casting: Necrotise (safe; 2% risk of failure)
Confirm with . or Enter, or press ? or * to list all spells.
Aiming: Necrotise (safe; 2% risk of failure)
Press: ? - help, Shift-Dir - straight line, f/p - Sigmund
Aim: Sigmund, wielding a +0 scythe and wearing a +0 robe (heavily wounded, chance to affect: 84%) Sigmund writhes in agony.
Sigmund points at you and mumbles some strange words.
You resist with significant effort.
Casting: Necrotise (safe; 2% risk of failure)
Confirm with . or Enter, or press ? or * to list all spells.
Aiming: Necrotise (safe; 2% risk of failure)
Press: ? - help, Shift-Dir - straight line, f/p - Sigmund
Aim: Sigmund, wielding a +0 scythe and wearing a +0 robe (heavily wounded, chance to affect: 84%) Sigmund writhes in agony.
Sigmund points at you and mumbles some strange words.
You are confused.
You miss Sigmund.
Sigmund is severely wounded.
Sigmund hits you with a +0 scythe!
You barely miss Sigmund. You kick Sigmund.
Sigmund is severely wounded.
You barely miss Sigmund.
Sigmund is severely wounded.
Sigmund hits you with a +0 scythe!
* * * LOW HITPOINT WARNING * * *
You hit Sigmund but do no damage.
Sigmund is severely wounded.
Sigmund closely misses you.
You miss Sigmund.
Sigmund is severely wounded.
You feel less confused.
Sigmund hits you from afar with a +0 scythe!
You die...
Sigmund begins carving another notch in his scythe.

#######{#####.# #....##'# #.# ..#
#..#.##.# #.# .. #..#.##.# #.#
#.## #..#..#.. #.# #..# #..#.#..#
#.# #.## #......†#
#######'########..#######........
#...........##...................
#...........##..@....###..######.
#...........##....#...)........'.
...####'######...@#.......######.
##................###....## ##
.#................# #....#
.#................# #....#######
(+................###+#........#
.#............#####.....>......#
.#............# #............#


You could see Sigmund.

Vanquished Creatures
  3 dart slugs
  2 ball pythons
  An endoplasm (D:2)
  A giant cockroach (D:2)
  3 goblins (D:2)
  A hobgoblin (D:2)
  3 kobolds
  2 quokkas
  2 bats
  A frilled lizard (D:2)
  4 rats (D:2)
23 creatures vanquished.

Vanquished Creatures (collateral kills)
  A goblin (D:2)
1 creature vanquished.

Grand Total: 24 creatures vanquished

Notes
Turn   | Place    | Note
-------+----------+-------------------------------------------
     0 | D:1      | Termiter the Demonspawn Necromancer began the quest for the
                  | Orb.
     0 | D:1      | Reached XP level 1. HP: 13/13 MP: 3/3
   739 | D:1      | Discovered your monstrous ancestry.
   739 | D:1      | Gained mutation: You have large cloven feet. [demonic
                  | ancestry]
   739 | D:1      | Reached XP level 2. HP: 19/19 MP: 0/5
  1176 | D:2      | Noticed Terence
  1180 | D:2      | Noticed Sigmund
  1358 | D:2      | Reached skill level 5 in Necromancy
  1577 | D:2      | Reached XP level 3. HP: 18/24 MP: 2/6
  1591 | D:2      | Learned a level 3 spell: Vampiric Draining
  1662 | D:2      | Gained mutation: You are partially covered in iridescent
                  | scales. (AC +2) [potion of mutation]
  1662 | D:2      | Gained mutation: You have a pair of small antennae on your
                  | head. [potion of mutation]
  1677 | D:2      | Slain by Sigmund

Illustrated notes

Levels and vault maps discovered:
D:1:      minmay_arrival_cross, layout_loops_corners
D:2:      layout_basic, uniq_terence, uniq_sigmund

Skill      XL: |  1  2 |
---------------+-------+-----
Necromancy     | 5 |  5.1
Fighting       | |  0.1
Dodging        | |  1.9
Stealth        | |  1.7
Spellcasting   | |  2.4

Action                     || total
---------------------------++-------
  Melee: Unarmed           ||    12
         Dagger            ||    20
         Kick              ||     7
   Cast: Necrotise         ||    51
         Vampiric Draining ||     1
    Use: Scroll            ||     2
         Potion            ||     3
   Stab: Distracted        ||     1
 Armour: Robe              ||    32
  Dodge: Dodged            ||    26
